 Dungeon Crawl Stone Soup version 0.22-a0-558-gc224181 (webtiles) character file.

69474 iamserjio the Warrior (level 15, -7/104 HPs)
             Began as a Gargoyle Fighter on June 27, 2018.
             Was the Champion of Makhleb.
             Killed from afar by a fire dragon (29 damage)
             ... with a blast of flame
             ... on level 4 of the Swamp.
             The game lasted 01:13:46 (8822 turns).

iamserjio the Warrior (Gargoyle Fighter)            Turns: 8822, Time: 01:13:47

Health: -7/104     AC: 42    Str: 30    XL:     15   Next: 30%
Magic:  0/30       EV:  7    Int: 14    God:    Makhleb [******]
Gold:   505        SH: 16    Dex: 10    Spells: 14/14 levels left

rFire    . . .     SeeInvis .   S - +2 broad axe
rCold    . . .     Gourm    .   c - +0 shield
rNeg     + . .     Faith    .   q - +9 plate armour {ponderous}
rPois    ∞         Spirit   +   Y - +3 hat of Pondering {ponderous, MR+ MP+10 Int+5}
rElec    +         Reflect  +   y - scarf {Spirit}
rCorr    .         Harm     .   h - +2 pair of gloves
MR       ++...                  (no boots)
Stlth    ..........             k - +4 amulet of reflection
HPRegen  0.27/turn              (no ring)
MPRegen  0.22/turn              D - ring "Jesynaez" {rPois Str+5}

@: flying, slow
A: big wings, blurry vision 1, negative energy resistance 1, electricity
resistance, unbreathing, petrification resistance, rot immunity, AC +11
a: Stop Flying, Minor Destruction, Lesser Servant of Makhleb, Major Destruction,
Greater Servant of Makhleb, Renounce Religion


You were on level 4 of the Swamp.
You worshipped Makhleb.
Makhleb was exalted by your worship.
You were very hungry.

You visited 5 branches of the dungeon, and saw 21 of its levels.
You visited the Abyss 1 time.
You also visited: Sewer and Ossuary.

You collected 1635 gold pieces.
You spent 1130 gold pieces at shops.

Inventory:

Hand Weapons
 g - a +1 battleaxe of venom
 x - a +2 flail of crushing
 z - a +0 morningstar
 C - a +1 vampiric war axe
 S - a +2 broad axe (weapon)
Missiles
 e - 31 tomahawks (quivered)
 L - 3 needles of confusion
 V - 2 throwing nets {!f}
Armour
 a - a +1 pair of gloves of archery
 c - a +0 shield (worn)
 h - a +2 pair of gloves (worn)
 q - a +9 plate armour of ponderousness (worn)
 y - a scarf of spirit shield (worn)
 O - a +3 chain mail
 R - the +1 scale mail of Xaiqunuo {rF+ Dex+2}
   (You bought it in a shop on level 2 of the Orcish Mines)

   It affects your dexterity (+2).
   It protects you from fire.
 W - a +2 cloak
 Y - the +3 hat of Pondering (worn) {ponderous, MR+ MP+10 Int+5}
   (You took it off Gastronok on level 9 of the Dungeon)

   It affects your intelligence (+5).
   It affects your resistance to hostile enchantments.
   It affects your magic capacity (+10).
Jewellery
 k - a +4 amulet of reflection (around neck)
 t - an uncursed amulet of magic regeneration
 w - an uncursed ring of protection from magic
 A - an uncursed ring of ice
 D - the ring "Jesynaez" (right hand) {rPois Str+5}
   (You found it on level 1 of the Orcish Mines)

   [ring of poison resistance]

   It affects your strength (+5).
   It protects you from poison.
 G - an uncursed ring of wizardry
 T - an uncursed ring of positive energy
Wands
 o - a wand of clouds (4)
 H - a wand of iceblast (2)
Scrolls
 i - a scroll of blinking
 j - a scroll of silence
 l - 4 scrolls of remove curse {@r2}
 n - a scroll of fear
Potions
 b - a potion of mutation
 d - a potion of heal wounds
 r - 8 potions of curing {@q1}
 s - 2 potions of brilliance
 u - 2 potions of magic
 B - 3 potions of lignification
 E - 2 potions of cancellation
 J - a potion of haste {unknown}
 N - 3 potions of resistance
Miscellaneous
 v - a fan of gales
 M - a lamp of fire (inert)
Comestibles
 f - 15 rations


   Skills:
 * Level 16.3 Fighting
 * Level 14.5 Axes
 + Level 12.4 Armour
 + Level 9.1 Shields
 - Level 7.0 Invocations


You had 14 spell levels left.
You didn't know any spells.
Your spell library was empty.

Dungeon Overview and Level Annotations

Branches:
Dungeon (11/15)            Temple (1/1) D:4            Lair (3/6) D:10
  Swamp (4/4) Lair:3          Orc (2/2) D:11            Elf (0/3) Orc:2
  Snake: Lair:2-4    Spider: Lair:2-4

Altars:
Ashenzari
Cheibriados
Dithmenos
Elyvilon
Fedhas
Gozag
Hepliaklqana
Kikubaaqudgha
Makhleb
Nemelex Xobeh
Qazlal
Ru
Sif Muna
Trog
Uskayaw
Vehumet
Xom
Yredelemnul
Zin
The Shining One
Beogh

Shops:
D:9 :   D:10 !   Orc:1 !   Orc:2 ([[*


Innate Abilities, Weirdness & Mutations

You are resistant to torment.
Your stone body is resilient. (AC +11)
You are immune to poison.
Your large and strong wings let you fly indefinitely.
You resist negative energy. (rN+)
You are resistant to electric shocks. (rElec)
You can survive without breathing.
You are immune to petrification.
You are immune to rotting.
Scrolls take you a little longer to read.


Message History

The blast of flame hits you!
* * * LOW HITPOINT WARNING * * *
You feel better. You block the fire dragon's attack.
The fire dragon closely misses you. The fire dragon tramples you.
* * * LOW HITPOINT WARNING * * *
You are shoved backwards!
You closely miss the fire dragon.
The fire dragon is almost dead.
You block the fire dragon's attack.
The fire dragon claws you but does no damage.
The fire dragon barely misses you.
You hit the fire dragon.
The fire dragon is almost dead.
You block the fire dragon's attack. x2
The fire dragon tramples you but does no damage.
You hit the fire dragon.
The fire dragon is almost dead.
The fire dragon breathes flames at you. The blast of flame hits you!
You die...

♣♣...≈♣♣♣♣♣<♣*≈≈≈****≈*,,,*,≈≈,,
♣≈≈≈.≈.≈♣♣..♣*≈≈≈≈**,,,≈,,,,,,≈≈
♣.≈≈≈..,♣.≈≈♣≈≈≈***≈,,,,≈,≈≈,,,,
♣.≈≈≈♣***...♣♣*≈**≈≈,,,,§.,≈,≈,,
♣≈..♣* ♣♣♣≈..♣♣*****,≈≈.≈.,≈,≈≈,
♣♣<.♣♣♣♣≈≈....♣≈* *♣♣,≈≈≈≈,,,,≈,
♣.≈≈[≈♣...≈≈≈♣♣♣♣♣♣.♣♣≈≈≈.,≈≈,,,
♣.≈≈†.....≈.♣♣†[♣).≈.§.≈≈.≈,,,,≈
♣.≈≈)....≈.≈≈≈§@D[....≈...,,,,≈,
♣♣♣≈≈..≈≈≈.§≈♣##♣).†♣≈≈...≈≈,,,,
♣♣.≈≈≈≈≈≈≈♣###§#.≈(§...≈≈≈,≈,≈
♣...≈♣.≈♣###k#.♣.♣♣♣≈.§≈,,≈**
♣..≈..≈≈♣#....##♣#***,,,,****
♣§.≈§..♣##..S≈§#**,,********,
♣♣.≈≈..≈♣##..≈≈D.,,≈,,,**,*,,
*.≈≈≈≈.♣# ##.≈≈≈S≈≈≈≈≈≈,,≈,,≈
*.≈≈≈...***..≈≈§≈#≈≈≈≈≈,≈≈≈≈≈


You could see a fire dragon.

Vanquished Creatures
  A tentacled starspawn (Abyss:2)
  A thorn hunter (Swamp:2)
  Gastronok (D:9)
  Aizul (Swamp:2)
  3 orc warlords (Orc:1)
  A fire dragon (Swamp:4)
  Josephine (Orc:1)
  11 hydras
  Erolcha (D:10)
  A rakshasa (Abyss:2)
  4 alligators
  3 two-headed ogres
  A thrashing horror (Abyss:2)
  An orc high priest (Orc:1)
  Sonja (Orc:2)
  A wretched star (Abyss:2)
  A sixfirhy (Abyss:2)
  An unseen horror (D:9)
  A spriggan druid (Swamp:4)
  3 swamp dragons
  2 orc knights (Orc:1)
  4 ugly things (D:11)
  3 orc sorcerers
  A cyclops (D:11)
  A black mamba (Lair:3)
  2 smoke demons (Abyss:2)
  An orange demon (Abyss:2)
  8 spiny frogs
  2 komodo dragons
  3 trolls
  A merfolk (D:9)
  A hornet (Swamp:2)
  7 tyrant leeches
  2 hippogriffs
  9 bog bodies
  12 slime creatures
  A raiju (Abyss:2)
  14 blink frogs
  A flying skull (Abyss:2)
  2 large abominations (Abyss:2)
  A spriggan (Swamp:4)
  4 ynoxinuls (Abyss:2)
  6 wraiths
  19 yaks
  A hungry ghost (D:9)
  Grum (D:8)
  Eustachio (D:4)
  A small abomination (Abyss:2)
  7 vampire mosquitoes
  3 steam dragons
  Edmund (D:4)
  3 wargs
  9 insubstantial wisps
  3 swamp worms (Swamp:2)
  3 water moccasins
  5 porcupines
  35 orc warriors
  5 sky beasts
  2 black bears
  An eye of draining (shapeshifter) (Abyss:2)
  6 swamp drakes
  6 ice beasts
  5 ogres
  3 phantoms
  3 wolves (D:8)
  3 crocodiles
  A centaur (D:8)
  5 big kobolds
  10 bullfrogs
  2 scorpions
  2 water moccasin zombies (Ossuary)
  A wyvern skeleton (D:11)
  6 killer bees (D:9)
  An electric eel (Lair:3)
  7 wights
  A bullfrog zombie (D:11)
  7 howler monkeys
  3 crimson imps
  A centaur zombie (D:11)
  9 hounds
  4 jellies
  33 orc priests
  3 bullfrog skeletons
  An iron imp (Abyss:2)
  3 iguanas
  30 orc wizards
  Terence (D:2)
  7 worker ants
  2 big kobold zombies (Ossuary)
  2 mummies (Ossuary)
  Robin (D:4)
  A worker ant zombie (D:5)
  7 gnolls
  13 adders
  A river rat (Sewer)
  A shadow imp (D:11)
  A white imp (Abyss:2)
  An ufetubus (Abyss:2)
  4 oozes
  3 adder skeletons
  5 adder zombies
  4 worms
  3 dart slugs
  8 leopard geckos
  94 orcs
  5 ball pythons
  10 bats
  7 giant cockroaches
  4 gnoll zombies (Ossuary)
  18 goblins
  13 hobgoblins
  6 jackals
  14 kobolds
  2 quokkas
  4 frilled lizards
  A goblin zombie (D:4)
  6 hobgoblin zombies (Ossuary)
  A jackal skeleton (D:4)
  A jackal zombie (D:4)
  5 kobold zombies (Ossuary)
  2 leopard gecko skeletons
  6 orc zombies (Ossuary)
  A quokka skeleton (D:2)
  8 rats
  A rat zombie (D:4)
  5 briar patches (Swamp:2)
  A fungus (Lair:3)
  2 plants
665 creatures vanquished.

Vanquished Creatures (collateral kills)
  Fannar (Orc:1)
  A hydra (Swamp:4)
  An orc high priest (Orc:2)
  A swamp dragon (Swamp:4)
  An orc knight (Orc:1)
  A smoke demon (Abyss:2)
  An ancient zyme (Abyss:2)
  A large abomination (Abyss:2)
  A hornet (Swamp:2)
  A fire giant simulacrum (Abyss:2)
  A neqoxec (Abyss:2)
  7 orc warriors
  A swamp drake (Swamp:4)
  A centaur (D:10)
  A small abomination (Abyss:2)
  A wight (D:10)
  A crimson imp (D:10)
  An orc priest (Orc:2)
  4 orcs (Orc:2)
28 creatures vanquished.

Vanquished Creatures (others)
  2 spriggans (Swamp:4)
  2 lindwurms (Swamp:4)
  A swamp dragon (Swamp:4)
  A hornet (Swamp:4)
  A small abomination (Abyss:2)
  A vampire mosquito (Swamp:4)
  2 steam dragons (Swamp:4)
  An insubstantial wisp (Swamp:4)
  An orc warrior (Orc:2)
  A sky beast (D:9)
  6 swamp drakes (Swamp:4)
  2 orc priests (Orc:1)
  A briar patch (Swamp:2)
  A fungus (Lair:2)
  A lurking horror (Abyss:2)
  A plant (D:4)
  3 starspawn tentacles (Abyss:2)
28 creatures vanquished.

Grand Total: 721 creatures vanquished

Notes
Turn   | Place    | Note
-------+----------+-------------------------------------------
     0 | D:1      | iamserjio the Gargoyle Fighter began the quest for the Orb.
     0 | D:1      | Reached XP level 1. HP: 14/14 MP: 1/1
    42 | D:2      | Reached XP level 2. HP: 6/19 MP: 2/2
   186 | D:1      | Reached XP level 3. HP: 11/23 MP: 3/3
   324 | D:2      | HP: 1/23 [gnoll/flail (6)]
   340 | D:2      | Reached XP level 4. HP: 27/28 MP: 4/4
   372 | D:2      | Noticed Terence
   383 | D:2      | Killed Terence
   485 | D:2      | Reached XP level 5. HP: 29/32 MP: 5/5
   974 | D:3      | Reached skill level 5 in Axes
  1169 | D:3      | Reached XP level 6. HP: 38/38 MP: 6/6
  1204 | D:4      | Noticed Edmund
  1226 | D:4      | Killed Edmund
  1226 | D:4      | Reached skill level 4 in Fighting
  1273 | D:4      | Found a staircase to the Ecumenical Temple.
  1292 | D:4      | Reached XP level 7. HP: 28/44 MP: 7/7
  1307 | D:4      | Noticed Robin
  1311 | Temple   | Entered the Ecumenical Temple
  1404 | Temple   | Became a worshipper of Makhleb the Destroyer
  1437 | D:4      | Killed Robin
  1441 | D:4      | Reached skill level 5 in Fighting
  1483 | D:4      | Found a sand-covered staircase.
  1485 | D:4      | Noticed Eustachio
  1492 | Ossuary  | Entered an ossuary
  1528 | Ossuary  | Reached * piety under Makhleb
  1562 | Ossuary  | Reached skill level 5 in Armour
  1624 | Ossuary  | Reached skill level 1 in Invocations
  1668 | Ossuary  | Reached XP level 8. HP: 21/50 MP: 7/9
  1725 | D:4      | Killed Eustachio
  1946 | D:5      | Entered Level 5 of the Dungeon
  2036 | D:5      | Reached skill level 6 in Fighting
  2103 | D:5      | Found a bloodstained altar of Trog.
  2169 | D:5      | Reached ** piety under Makhleb
  2300 | D:6      | Found a glowing drain.
  2318 | Sewer    | Entered a sewer
  2610 | Sewer    | Reached XP level 9. HP: 50/56 MP: 11/11
  2628 | Sewer    | Reached skill level 7 in Fighting
  2785 | D:6      | Reached *** piety under Makhleb
  3146 | D:7      | Reached skill level 8 in Fighting
  3521 | D:7      | Reached XP level 10. HP: 54/65 MP: 13/13
  3570 | D:8      | Reached skill level 5 in Invocations
  3583 | D:8      | Reached skill level 9 in Fighting
  3754 | D:8      | Reached **** piety under Makhleb
  3969 | D:9      | Noticed Gastronok
  3988 | D:9      | Reached skill level 10 in Fighting
  4014 | D:9      | Killed Gastronok
  4014 | D:9      | Reached XP level 11. HP: 39/73 MP: 14/14
  4047 | D:9      | Killed an unseen horror
  4047 | D:9      | Reached skill level 10 in Axes
  4077 | D:9      | Found Eriusm's Book Shop.
  4131 | D:8      | Noticed Grum
  4149 | D:8      | Reached skill level 11 in Fighting
  4150 | D:8      | Killed Grum
  4176 | D:8      | Found a radiant altar of Vehumet.
  4390 | D:10     | Entered Level 10 of the Dungeon
  4514 | D:10     | Found Fuviem's Distillery.
  4523 | D:10     | Bought a potion of mutation for 88 gold pieces
  4523 | D:10     | Bought a potion of ambrosia for 88 gold pieces
  4523 | D:10     | Bought a potion of heal wounds for 55 gold pieces
  4523 | D:10     | Bought a potion of curing for 33 gold pieces
  4543 | D:10     | Noticed Erolcha
  4559 | D:10     | Killed Erolcha
  4681 | D:11     | Noticed a cyclops
  4683 | D:11     | Noticed a brown ugly thing
  4696 | D:11     | Killed a cyclops
  4708 | D:11     | Killed a red ugly thing
  4826 | D:11     | Found a staircase to the Orcish Mines.
  4832 | D:11     | Noticed a two-headed ogre
  4846 | D:11     | Killed a two-headed ogre
  4846 | D:11     | Reached ***** piety under Makhleb
  4846 | D:11     | Reached skill level 12 in Fighting
  4876 | D:11     | Noticed a green ugly thing
  4877 | D:11     | Noticed a two-headed ogre
  4887 | D:11     | Killed a green ugly thing
  4887 | D:11     | Reached XP level 12. HP: 81/81 MP: 15/15
  4892 | D:11     | Killed a two-headed ogre
  5267 | Orc:1    | Entered Level 1 of the Orcish Mines
  5314 | Orc:1    | Noticed Josephine
  5320 | Orc:1    | Found a roughly hewn altar of Beogh.
  5320 | Orc:1    | Noticed an orc high priest
  5320 | Orc:1    | Noticed Fannar
  5324 | Orc:1    | Noticed a sun demon
  5380 | Orc:1    | Killed an orc high priest
  5394 | Orc:1    | Got a glittering tin ring
  5396 | Orc:1    | Identified the ring "Jesynaez" {rPois Str+5} (You found it on level 1 of the Orcish Mines)
  5420 | Orc:1    | Noticed a soul eater
  5421 | Orc:1    | Reached skill level 10 in Armour
  5463 | Orc:1    | Noticed an orc warlord
  5481 | Orc:1    | Killed an orc warlord
  5481 | Orc:1    | Reached skill level 13 in Fighting
  5521 | Orc:1    | Killed Fannar
  5776 | Orc:2    | Entered Level 2 of the Orcish Mines
  5808 | Orc:2    | Found a staircase to the Elven Halls.
  5815 | Orc:2    | Noticed a two-headed ogre
  5839 | Orc:2    | Killed a two-headed ogre
  5845 | Orc:2    | Noticed an orc high priest
  5848 | Orc:2    | Reached skill level 5 in Shields
  5851 | Orc:2    | Noticed an orc warlord
  5852 | Orc:2    | Noticed Sonja
  5936 | Orc:1    | Noticed an orc warlord
  5953 | Orc:1    | Killed an orc warlord
  5953 | Orc:1    | Reached XP level 13. HP: 89/89 MP: 11/16
  5965 | Orc:1    | Killed Josephine
  6004 | Orc:1    | Found Miejah's Distillery.
  6013 | Orc:1    | Bought a potion of cancellation for 112 gold pieces
  6013 | Orc:1    | Bought a potion of heal wounds for 70 gold pieces
  6013 | Orc:1    | Bought a potion of heal wounds for 70 gold pieces
  6013 | Orc:1    | Bought a potion of resistance for 140 gold pieces
  6080 | Orc:2    | Found a roughly hewn altar of Beogh.
  6102 | Orc:2    | Found a roughly hewn altar of Beogh.
  6104 | Orc:2    | Found Kywill's Assorted Antiques.
  6155 | Orc:2    | Bought a scroll labeled LAUPUACOGA for 29 gold pieces
  6178 | Orc:2    | Reached skill level 14 in Fighting
  6288 | Orc:1    | Killed an orc warlord
  6398 | Orc:2    | Cast into level 2 of the Abyss (Sonja)
  6460 | Abyss:2  | Found a corrupted altar of Lugonu.
  6612 | Abyss:2  | Gained mutation: Scrolls take you a little longer to read. [a neqoxec]
  6779 | Abyss:2  | Noticed a tentacled starspawn
  6795 | Abyss:2  | Noticed a rakshasa
  6800 | Abyss:2  | Found a radiant altar of Vehumet.
  6803 | Abyss:2  | Killed a tentacled starspawn
  6824 | Abyss:2  | Killed a rakshasa
  6856 | Orc:2    | Escaped the Abyss
  6863 | Orc:2    | Killed Sonja
  7046 | Orc:2    | Found Onunwim's Antique Weapon Shoppe.
  7047 | Orc:2    | Found a roughly hewn altar of Beogh.
  7050 | Orc:2    | Found Vonimp's Antique Armour Emporium.
  7067 | Orc:2    | Bought a pair of runed gloves for 202 gold pieces
  7067 | Orc:2    | Bought a spiked scale mail for 243 gold pieces
  7135 | Orc:2    | Found a roughly hewn altar of Beogh.
  7145 | Orc:2    | Found a roughly hewn altar of Beogh.
  7146 | Orc:2    | Found Itwoidi's Armour Shop.
  7223 | Orc:2    | Found a roughly hewn altar of Beogh.
  7343 | D:10     | Found a staircase to the Lair.
  7352 | Lair:1   | Entered Level 1 of the Lair of Beasts
  7379 | Lair:1   | Gained mutation: Your large and strong wings let you fly indefinitely. [Gargoyle growth]
  7379 | Lair:1   | Reached XP level 14. HP: 96/96 MP: 18/18
  7469 | Lair:1   | Reached skill level 15 in Fighting
  7498 | Lair:2   | Identified the cursed +1 scale mail of Xaiqunuo {rF+ Dex+2} (You bought it in a shop on level 2 of the Orcish Mines)
  7919 | Lair:3   | Found a staircase to the Swamp.
  7984 | Swamp:1  | Entered Level 1 of the Swamp
  8003 | Swamp:1  | Reached ****** piety under Makhleb
  8049 | Swamp:2  | Noticed a thorn hunter
  8071 | Swamp:2  | Killed a thorn hunter
  8099 | Swamp:1  | Noticed Aizul
  8125 | Swamp:2  | Killed Aizul
  8567 | Swamp:4  | Entered Level 4 of the Swamp
  8658 | Swamp:4  | Reached XP level 15. HP: 101/104 MP: 17/20
  8686 | Swamp:4  | Reached skill level 16 in Fighting
  8822 | Swamp:4  | Killed from afar by a fire dragon

Vault maps used:
D:1:      saegor_arrival_simple_a, st_stairs_14, bh_walls_and_bars
D:2:      serial_undead, serial_undead_c, serial_undead_a, serial_undead_f,
          serial_undead_b, serial_undead_e, serial_undead_b, serial_undead_f,
          first_ration, skrybe_limestone_x, uniq_terence
D:4:      gammafunk_temple_overflow_elements, minmay_temple_entry_overgrown,
          enter_ossuary_3, uniq_edmund, uniq_eustachio, uniq_robin
D:5:      lightli_temple_of_fire, grunt_ministairs_13, uniq_crazy_yiuf_cottage,
          uniq_menkaure
D:6:      gup_sewer_entry_pipe
D:8:      vehumet_statue, basic_altar, uniq_grum
D:9:      serial_shops, kennysheep_mini, hangedman_fish_farm,
          hangedman_misty_isle, uniq_gastronok
D:10:     lair_entry_dummy, serial_shops, nicolae_shop_stone, uniq_erolcha
D:11:     orc_0_dummy, hangedman_corner_corridor
Temple:   regret_index_temple_mists
Lair:1:   infiniplex_staircase_pool_2, serial_bayou_shore_b, lemuel_fruit_fields
Lair:3:   nicolae_swamp_entry_splash_gauntlet
Swamp:1:  evilmike_swamp_ruin_rubble_2, swamp_pool4, uniq_aizul, uniq_louise
Swamp:2:  evilmike_swamp_ruin_house_6, swamp_pool3, hangedman_swamp_lotus,
          infiniplex_staircase_pool
Swamp:3:  serial_swamp_ruin, evilmike_swamp_ruin_house_1,
          evilmike_swamp_ruin_rubble_1, uniq_mara
Swamp:4:  swamp_fiery, swamp_pool5, uniq_nikola
Orc:1:    orc_temple, serial_shops, shop, uniq_fannar, uniq_josephine
Orc:2:    grunt_orc_community_town_hall, grunt_orc_community_big_house_1,
          grunt_orc_community_big_house_1, grunt_orc_community_house_1,
          grunt_orc_community_house_2, grunt_orc_community_house_2,
          grunt_orc_community_house_1, grunt_orc_community_house_2,
          grunt_orc_community_house_3, uniq_sonja
Abyss:2:  hangedman_decor_points
Sewer:    sewer_co_tree
Ossuary:  ossuary_tomb_2

Skill      XL: |  1  2  3  4  5  6  7  8  9 10 11 12 13 14 15 |
---------------+----------------------------------------------+-----
Axes           | 2 3 4 5 6 7 8 9 11 12 13 14 | 14.5
Fighting       | 4 5 6 8 10 12 13 14 15 16 | 16.3
Armour         | 4 5 6 8 9 10 11 12 | 12.4
Invocations    | 1 3 4 5 7 |  7.0
Shields        | 4 5 7 8 9 |  9.1

Action                   |  1- 3 |  4- 6 |  7- 9 | 10-12 | 13-15 || total
-------------------------+-------+-------+-------+-------+-------++-------
Melee: War axe           |    92 |   177 |   329 |   748 |   422 ||  1768
       Flail             |       |       |   255 |       |    87 ||   342
       Broad axe         |       |       |       |       |   452 ||   452
Throw: Tomahawk          |       |       |       |       |     2 ||     2
Invok: Lesser Servant of |       |       |       |    13 |    16 ||    29
 Abil: Fly               |       |       |       |       |     1 ||     1
Evoke: Lamp of fire      |       |       |       |     2 |     1 ||     3
       Wand              |       |       |       |     1 |     6 ||     7
  Use: Potion            |     1 |       |       |     8 |     4 ||    13
       Scroll            |       |       |    11 |    17 |    12 ||    40
 Stab: Distracted        |       |       |       |     2 |     4 ||     6
       Fleeing           |       |       |       |       |     1 ||     1
  Eat: Chunk             |       |     1 |     7 |    11 |     7 ||    26
       Ration            |       |       |     1 |     2 |     1 ||     4
Armor: Scale mail        |    67 |   110 |   354 |    12 |       ||   543
       Plate armour      |       |       |       |   568 |   844 ||  1412
Dodge: Dodged            |    41 |    59 |   190 |   124 |   257 ||   671
Block: Shield            |    53 |   108 |   326 |   448 |   946 ||  1881
       Reflection        |       |       |       |     8 |    15 ||    23

Table legend:
 A = Spawn XP
 B = Non-spawn XP
 C = Spawn XP percentage of total XP
 D = Spawn monster count
 E = Non-spawn monster count
 F = Spawn count percentage of total count
 G = Total turns spent on level
                    A         B        C        D         E        F      G
               +---------+---------+-------+---------+---------+-------+---------
         Total |    7260 |   91989 |   7.3 |      19 |     672 |   2.7 |  8822
               +---------+---------+-------+---------+---------+-------+---------
           D:1 |       0 |      36 |   0.0 |       0 |      19 |   0.0 |   204
           D:2 |       0 |     161 |   0.0 |       0 |      33 |   0.0 |   661
           D:3 |       0 |     185 |   0.0 |       0 |      27 |   0.0 |   361
           D:4 |       0 |     754 |   0.0 |       0 |      38 |   0.0 |   397
           D:5 |       0 |     692 |   0.0 |       0 |      21 |   0.0 |   352
           D:6 |       0 |    1023 |   0.0 |       0 |      28 |   0.0 |   431
           D:7 |       0 |     914 |   0.0 |       0 |      15 |   0.0 |   428
           D:8 |       0 |    1739 |   0.0 |       0 |      21 |   0.0 |   362
           D:9 |       0 |    5954 |   0.0 |       0 |      43 |   0.0 |   458
          D:10 |       0 |    2137 |   0.0 |       0 |      21 |   0.0 |   329
          D:11 |       0 |    7275 |   0.0 |       0 |      36 |   0.0 |   593
        Temple |       0 |      17 |   0.0 |       0 |       2 |   0.0 |   113
        Lair:1 |       0 |    3884 |   0.0 |       0 |      14 |   0.0 |   310
        Lair:2 |       0 |    1960 |   0.0 |       0 |       9 |   0.0 |   198
        Lair:3 |       0 |    2687 |   0.0 |       0 |      11 |   0.0 |   124
       Swamp:1 |       0 |     463 |   0.0 |       0 |       2 |   0.0 |    35
       Swamp:2 |       0 |   12760 |   0.0 |       0 |      31 |   0.0 |   437
       Swamp:3 |       0 |    5449 |   0.0 |       0 |      14 |   0.0 |   111
       Swamp:4 |       0 |   18058 |   0.0 |       0 |      46 |   0.0 |   255
         Orc:1 |       0 |   14218 |   0.0 |       0 |      68 |   0.0 |   769
         Orc:2 |       0 |    8696 |   0.0 |       0 |     112 |   0.0 |   806
       Abyss:2 |    7260 |    2176 |  76.9 |      19 |       9 |  67.9 |   458
         Sewer |       0 |     459 |   0.0 |       0 |      21 |   0.0 |   420
       Ossuary |       0 |     292 |   0.0 |       0 |      31 |   0.0 |   210
               +---------+---------+-------+---------+---------+-------+---------
